 Dungeon Crawl Stone Soup version 0.23.2 (webtiles) character file.

Game seed: 10465824016256672245

154 Leeroy the Digger (level 5, -4/38 HPs)
             Began as a Formicid Earth Elementalist on Apr 12, 2019.
             Was an Initiate of Okawaru.
             Killed by divine providence
             ... invoked by an orc priest
              (11 damage)
             ... on level 4 of the Dungeon.
             The game lasted 00:14:26 (3396 turns).

Leeroy the Digger (Formicid Earth Elementalist)     Turns: 3396, Time: 00:14:27

Health: -4/38      AC:  2    Str: 14    XL:     5   Next: 62%
Magic:  17/17      EV: 12    Int: 14    God:    Okawaru [......]
Gold:   176        SH:  0    Dex: 11    Spells: 2/8 levels left

rFire    . . .     SeeInvis +   s - +0 trident
rCold    . . .     Gourm    .   (no shield)
rNeg     . . .     Faith    .   c - +0 robe
rPois    .         Spirit   .   (helmet unavailable)
rElec    .         Reflect  .   (no cloak)
rCorr    .         Harm     .   (no gloves)
MR       .....                  (no boots)
Stlth    ++........             r - amulet of regeneration
HPRegen  0.52/turn              n - ring of magical power
MPRegen  0.15/turn              (no ring)

@: no status effects
A: permanent stasis, dig shafts and tunnels, four strong arms, antennae 3
a: Dig, Shaft Self, Renounce Religion


You were on level 4 of the Dungeon.
You worshipped Okawaru.
Okawaru was noncommittal.
You were not hungry.

You visited 1 branch of the dungeon, and saw 4 of its levels.

You collected 176 gold pieces.

Inventory:

Hand Weapons
 a - a +0 spear
 j - a +0 short sword
 k - a +0 dagger
 s - a +0 trident (weapon)
 w - a +0 hand axe
 B - a +0 whip
 D - a cursed +0 blowgun
 E - a +0 short sword
 J - a +0 hunting sling
Missiles
 b - 128 stones
 i - 21 arrows
 p - 8 tomahawks (quivered)
 C - 4 curare-tipped needles
 F - 17 poisoned needles
Armour
 c - a +0 robe (worn)
 f - a +0 ring mail
 g - a +0 scale mail
 t - a +0 robe
 u - a +4 chain mail of poison resistance
 v - a +0 scale mail of poison resistance
Jewellery
 n - a ring of magical power (left hand)
 r - an amulet of regeneration (around neck)
Wands
 o - a wand of random effects (20)
Scrolls
 e - 2 scrolls of remove curse {unknown}
 h - 2 scrolls of magic mapping {unknown}
 l - a scroll of fog {unknown}
 m - 6 scrolls of identify
 q - a scroll of teleportation {unknown}
 y - 2 scrolls of enchant weapon {unknown}
 A - a scroll of noise {unknown}
 I - a scroll of random uselessness {unknown}
 K - a scroll of immolation {unknown}
Potions
 x - 2 potions of invisibility {unknown}
 G - a potion of lignification
 H - a potion of curing {unknown}
Comestibles
 d - 6 rations
 z - 3 chunks of flesh


   Skills:
 - Level 2.1 Fighting
 - Level 1.0 Polearms
 + Level 0.1 Armour
 - Level 1.7 Dodging
 - Level 2.8 Stealth
 - Level 2.2 Spellcasting
 - Level 2.1 Conjurations
 - Level 1.1 Transmutations
 + Level 5.2 Earth Magic


You had 2 spell levels left.
You knew the following spells:

 Your Spells              Type           Power        Failure   Level  Hunger
a - Sandblast             Erth           ###...       2%          1    #......
b - Passwall              Tmut/Erth      ##......     10%         2    ###....
c - Stone Arrow           Conj/Erth      ##....       16%         3    ###....

Your spell library contained the following spells:

 Spells                   Type           Power        Failure   Level  Hunger
 Petrify                  Tmut/Erth      ##......     54%         4    #####..
 Lee's Rapid Deconstruct  Erth           ###.......   58%         5    ######.


Dungeon Overview and Level Annotations

Branches:
Dungeon (4/15)
 Temple: D:4-7

Altars:
Dithmenos
Fedhas
Hepliaklqana
Kikubaaqudgha
Okawaru
Uskayaw
Yredelemnul


Innate Abilities, Weirdness & Mutations

You cannot be hasted, slowed, berserked, paralysed or teleported.
You can dig through walls and to a lower floor.
Your four strong arms can wield two-handed weapons with a shield.
You have a pair of large antennae on your head. (SInv)


Message History

You climb downwards.
You hear the hiss of flowing sand.
There is an entrance to an ossuary on this level.
Hurry and find it before the portal is buried!
The orc priest looks satisfied for a moment.
There is a stone staircase leading up here.
You hit the orc priest but do no damage.
The orc priest hits you with a +0 hand axe.
You barely miss the orc priest.
The orc priest calls down the wrath of Beogh upon you.
Pain shoots through your body!
You barely miss the orc priest. The orc priest misses you.
You barely miss the orc priest.
The orc priest calls down the wrath of Beogh upon you.
Beogh smites you!
The orc priest invokes the aid of Beogh against you.
Beogh smites you!
* * * LOW HITPOINT WARNING * * *
The orc priest calls down the wrath of Beogh upon you.
Beogh smites you!
You die...

#######..
#@o......
#o######.
#.# #o#
#.# #.#
..# ###


You could see 2 orc priests and an orc.

Vanquished Creatures
  Terence (D:2)
  Jessica (D:2)
  4 adders
  3 dart slugs
  2 leopard geckos (D:1)
  2 orcs (D:3)
  3 ball pythons (D:3)
  6 giant cockroaches
  2 gnoll zombies (D:2)
  6 jackals
  6 kobolds
  2 quokkas (D:3)
  3 bats
  A frilled lizard (D:1)
  5 goblins
  10 rats
57 creatures vanquished.

Notes
Turn   | Place    | Note
-------+----------+-------------------------------------------
     0 | D:1      | Leeroy the Formicid Earth Elementalist began the quest for
                  | the Orb.
     0 | D:1      | Reached XP level 1. HP: 13/13 MP: 3/3
    23 | D:1      | Noticed an electric eel
    85 | D:1      | Reached skill level 4 in Earth Magic
    85 | D:1      | Reached XP level 2. HP: 17/20 MP: 1/5
    90 | D:1      | Learned a level 2 spell: Passwall
   200 | D:1      | Reached skill level 1 in Fighting
   202 | D:1      | Reached XP level 3. HP: 26/26 MP: 6/6
   221 | D:1      | Learned a level 3 spell: Stone Arrow
  1256 | D:2      | Found a basalt altar of Yredelemnul.
  1365 | D:2      | Reached XP level 4. HP: 31/33 MP: 5/7
  1483 | D:2      | Noticed Jessica
  1489 | D:2      | Found a hazy altar of Hepliaklqana.
  1499 | D:2      | Killed Jessica
  1499 | D:2      | Reached skill level 5 in Earth Magic
  1562 | D:2      | Noticed Terence
  2074 | D:2      | Killed Terence
  2074 | D:2      | Reached skill level 1 in Conjurations
  2074 | D:2      | Reached XP level 5. HP: 34/38 MP: 0/8
  2842 | D:3      | Found an ancient bone altar of Kikubaaqudgha.
  2854 | D:3      | Found an iron altar of Okawaru.
  2857 | D:3      | Found a hide-covered altar of Uskayaw.
  2860 | D:3      | Found a blossoming altar of Fedhas.
  2866 | D:3      | Became a worshipper of Warmaster Okawaru
  3015 | D:3      | Found a shadowy altar of Dithmenos.
  3106 | D:3      | Reached skill level 1 in Polearms
  3396 | D:4      | Killed from afar by an orc priest

Skill      XL: |  1  2  3  4  5 |
---------------+----------------+-----
Earth Magic    | 4 5 |  5.2
Fighting       | 1 2 |  2.1
Conjurations   | 1 2 |  2.1
Polearms       | 1 |  1.0
Armour         | |  0.1
Dodging        | |  1.7
Stealth        | |  2.8
Spellcasting   | |  2.2
Transmutations | |  1.1

Action                   |  1- 3 |  4- 6 || total
-------------------------+-------+-------++-------
Melee: Spear             |    84 |    37 ||   121
       Trident           |       |    60 ||    60
 Cast: Sandblast         |    18 |    25 ||    43
       Stone Arrow       |     1 |    15 ||    16
  Use: Scroll            |     2 |       ||     2
       Potion            |       |     1 ||     1
 Stab: Sleeping          |     5 |     4 ||     9
  Eat: Chunk             |     2 |     3 ||     5
       Ration            |       |     2 ||     2
Armor: Robe              |    15 |    19 ||    34
       Skin              |       |     8 ||     8
Dodge: Dodged            |    52 |    77 ||   129
